 Seeded DCSS version 0.30-a0-718-geaa24f58ff (webtiles) character file.

Game seed: 5430720872467839093 (custom seed)

218 valliere the Ruffian (level 5, -1/45 HPs)
             Began as a Draconian Transmuter on Jan 25, 2023.
             Slain by a gnoll
             ... wielding a +0 spear
              (3 damage)
             ... on level 3 of the Dungeon.
             The game lasted 00:05:15 (1870 turns).

valliere the Ruffian (Draconian Transmuter)         Turns: 1870, Time: 00:05:16

Health: -1/45      AC:  5    Str: 22    XL:     5   Next: 63%
Magic:  14/15      EV: 12    Int: 27    God:
Gold:   850        SH:  0    Dex: 11    Spells: 9/10 levels left

rFire   . . .      SeeInvis .    m - +6 Majin-Bo {spellvamp, MP+6 Int+6}
rCold   . . .      Faith    .    (no shield)
rNeg    . . .      Spirit   .    (body armour unavailable)
rPois   .          Reflect  .    (helmet currently unavailable)
rElec   .          Harm     .    (no cloak)
rCorr   .          Rampage  .    (no gloves)
Will    +....                    (boots currently unavailable) Stlth
                                 (no amulet)
HPRegen 0.27/turn                i - +6 ring of strength
MPRegen 0.14/turn                l - ring "Vaemist" {+Blink Str+3 Int+6 Stlth-}

@: appendages
A: horns 2, talons 2, AC +5, unfitting armour, cold-blooded, strong-willed 1,
subdued magic 1
a: End Transformation, Evoke Blink


You were on level 3 of the Dungeon.
You had temporarily grown beastly horns and talons.
You visited 1 branch of the dungeon, and saw 3 of its levels.

You collected 1123 gold pieces.
You spent 273 gold pieces at shops.

Inventory:

Hand Weapons
 m - the +6 Majin-Bo (weapon) {spellvamp, MP+6 Int+6}
   (You acquired it on level 2 of the Dungeon)

   Int:       It affects your intelligence (+6).
   MP:        It affects your magic capacity (+6).
Jewellery
 i - a +6 ring of strength (left hand)
 l - the ring "Vaemist" (right hand) {+Blink Str+3 Int+6 Stlth-}
   (You acquired it on level 2 of the Dungeon)

   [ring of intelligence]

   Str:       It affects your strength (+3).
   Int:       It affects your intelligence (+6).
   +Blink:    It lets you blink.
   Stlth:     It makes you less stealthy.
 o - a ring of protection from cold
Wands
 t - a wand of mindburst (13)
Scrolls
 b - a scroll of torment {unknown}
 c - 4 scrolls of amnesia
 d - 3 scrolls of identify
 g - a scroll of noise {unknown}
 h - a scroll of teleportation {unknown}
 j - a scroll of brand weapon {unknown}
 k - a scroll of fear
 n - a scroll of blinking
 p - a scroll of fog {unknown}
 q - a scroll of immolation {unknown}
 r - a scroll of acquirement
 s - a scroll of enchant armour {unknown}
Potions
 a - 2 potions of lignification
 e - a potion of attraction {unknown}
 f - 2 potions of curing {unknown}
 u - a potion of ambrosia {unknown}
 v - a potion of degeneration {unknown}


   Skills:
 + Level 3.0 Fighting
 * Level 0.3 Staves
 + Level 2.9 Dodging
 - Level 3.9 Unarmed Combat
 + Level 3.0 Spellcasting
 + Level 2.6 Transmutations


You had 9 spell levels left.
You knew the following spells:

 Your Spells              Type           Power      Damage    Failure   Level
a - Beastly Appendage     Tmut           28%        N/A       2%          1

Your spell library contained the following spells:

 Spells                   Type           Power      Damage    Failure   Level
 Wereblood                Tmut           14%        N/A       3%          2
 Spider Form              Tmut/Pois      8%         N/A       13%         3
 Ice Form                 Ice/Tmut       8%         N/A       41%         4


Dungeon Overview and Level Annotations

Branches:
Dungeon (3/15)

Altars:

Shops:
D:2 ?


Innate Abilities, Weirdness & Mutations

You have temporarily grown beastly horns and talons.
Your plain brown scales are hard. (AC +5)
You cannot fit into any form of body armour.
You are cold-blooded and may be slowed by cold attacks.
You are strong-willed. (Will+)
Your spells are a little easier to cast, but a little less powerful.


Message History

The gnoll hits you from afar with a +0 spear.
* * * LOW HITPOINT WARNING * * *
The gnoll closely misses you. The adder misses you.
You closely miss the adder.
Your tail-slap misses the adder.
The adder bites you but does no damage.
The gnoll hits you from afar with a +0 spear.
* * * LOW HITPOINT WARNING * * *
The adder bites you but does no damage.
You closely miss the adder.
Your tail-slap misses the adder.
The adder barely misses you. The gnoll misses you.
You hit the adder but do no damage. The adder barely misses you.
The gnoll hits you but does no damage. The adder barely misses you.
You hit the adder. You tail-slap the adder.
The adder is severely wounded.
The adder bites you.
* * * LOW HITPOINT WARNING * * *
You are poisoned.
The adder poisons you! The gnoll hits you but does no damage.
You hit the adder.
You feel better.
You kill the adder!
You feel sick. The gnoll closely misses you.
Your Fighting skill increases to level 3!
You are too injured to fight recklessly!
You feel sick.
Casting: Beastly Appendage (safe; 2% risk of failure)
Confirm with . or Enter, or press ? or * to list all spells.
You grow a pair of large bovine horns.
Your feet morph into talons.
* * * LOW HITPOINT WARNING * * *
You feel sick.
You are no longer poisoned.
The gnoll hits you from afar with a +0 spear.
* * * LOW HITPOINT WARNING * * *
The gnoll closely misses you. The gnoll hits you but does no damage.
You hit the gnoll but do no damage.
You tail-slap the gnoll, but do no damage.
The gnoll misses you.
The gnoll hits you from afar with a +0 spear.
* * * LOW HITPOINT WARNING * * *
The gnoll completely misses you. The gnoll hits you with a +0 spear.
You die...

##......###.#####...##....
####.... #........†......
####.######..##..#.... .>#
#.###....... #.#
#.###.#...##
#.#####.##..#..## #
#..##.(....##..#
#..###.......##.......
#.....@.#..####.#####.
#..####gg.## #.# #.
#..####)### #.# #
#.........# #.#
#...##..#..# ..# #.
##.##.# ## #.# .# #.. .
#.. .


You could see 2 gnolls.

Vanquished Creatures
  A necrophage (D:2)
  An orc priest (D:3)
  An orc wizard (D:2)
  4 gnolls
  2 adders
  3 orcs
  3 bats
  6 endoplasms
  4 goblins
  4 hobgoblins
  4 jackals (D:1)
  5 kobolds
  2 quokkas (D:1)
  3 ball pythons
  2 frilled lizards
  2 rats
47 creatures vanquished.

Notes
Turn   | Place    | Note
-------+----------+-------------------------------------------
     0 | D:1      | valliere the Draconian Transmuter began the quest for the
                  | Orb.
     0 | D:1      | Reached XP level 1. HP: 16/16 MP: 3/3
    40 | D:1      | Gained mutation: Your spells are a little easier to cast,
                  | but a little less powerful. [potion of mutation]
    40 | D:1      | Gained mutation: You are strong-willed. (Will+) [potion of
                  | mutation]
   117 | D:1      | Reached XP level 2. HP: 20/23 MP: 5/5
   890 | D:2      | Identified 3 scrolls of acquirement
   890 | D:2      | Acquired the ring "Vaemist" {+Blink Str+3 Int+6 Stlth-}
   892 | D:2      | Acquired the +6 Majin-Bo {spellvamp, MP+6 Int+6}
   892 | D:2      | Found the +6 Majin-Bo {spellvamp, MP+6 Int+6}
   896 | D:2      | Acquired 1032 gold pieces
   915 | D:2      | Reached XP level 3. HP: 27/29 MP: 6/6
   983 | D:2      | Found Doddoiw's Magic Scroll Shoppe.
   991 | D:2      | Bought a scroll of identify for 28 gold pieces
   991 | D:2      | Bought a scroll of identify for 28 gold pieces
   991 | D:2      | Bought a scroll of fear for 56 gold pieces
   991 | D:2      | Bought a scroll of amnesia for 56 gold pieces
   991 | D:2      | Bought a scroll of blinking for 105 gold pieces
  1081 | D:2      | Noticed a necrophage
  1089 | D:2      | Killed a necrophage
  1090 | D:2      | Reached XP level 4. HP: 23/37 MP: 7/7
  1562 | D:2      | Reached XP level 5. HP: 15/42 MP: 9/9
  1773 | D:3      | Identified the +3 short sword of the Manifold Quests
                  | {flame, rElec Int+5}
  1868 | D:3      | HP: 2/45 [gnoll/+0 spear (4)]
  1870 | D:3      | Slain by a gnoll

Illustrated notes

Levels and vault maps discovered:
D:1:      dpeg_arrival_boxes_within_box, layout_basic
D:2:      layout_loops_ring, serial_shops, shop, nicolae_kite_square_tiling_tiny
D:3:      layout_rooms, okawaru_metal_pillars_3, ebering_ecumenical_altar_rust

Skill      XL: |  1  2  3  4  5 |
---------------+----------------+-----
Dodging        | 2 |  2.9
Fighting       | 2 3 |  3.0
Spellcasting   | 3 |  3.0
Staves         | |  0.3
Unarmed Combat | |  3.9
Transmutations | |  2.6

Action                     |  1- 3 |  4- 6 || total
---------------------------+-------+-------++-------
  Melee: Unarmed           |    43 |       ||    43
         Tailslap          |     3 |     9 ||    12
         Staff             |    10 |    58 ||    68
         Kick              |       |     4 ||     4
         Punch             |       |     1 ||     1
         Headbutt          |       |     1 ||     1
   Cast: Beastly Appendage |       |     3 ||     3
    Use: Potion            |     1 |       ||     1
         Scroll            |     3 |       ||     3
   Stab: Sleeping          |     1 |       ||     1
 Armour: Skin              |    11 |    25 ||    36
  Dodge: Dodged            |    17 |    56 ||    73

Table legend: (Time is in decaauts)
 A = Elapsed time spent in this place.
 B = Non-inter-level travel time spent in this place.
 C = Inter-level travel time spent in this place.
 D = Time resting spent in this place.
 E = Time spent auto-exploring this place.
 F = Levels seen in this place.
 G = Mean time per level.
                   A        B        C        D        E       F      G
               +--------+--------+--------+--------+--------+-----+--------+
         Total |   1883 |   1798 |     85 |     97 |   1420 |   3 |  627.7 |
       Dungeon |   1883 |   1798 |     85 |     97 |   1420 |   3 |  627.7 |
               +--------+--------+--------+--------+--------+-----+--------+

Top non-repeatable levels by time:
     D:1: 862 daAuts
     D:2: 796 daAuts
     D:3: 224 daAuts
